 Dungeon Crawl Stone Soup version 0.30.1-4-g462c640d31 (webtiles) character file.

Game seed: 9355588469316310274

262 Peloso the Covered (level 5, -2/47 HPs)
             Began as a Minotaur Fighter on Aug 23, 2023.
             Slain by an orc priest
             ... wielding a +0 flail
              (7 damage)
             ... on level 3 of the Dungeon.
             The game lasted 00:03:37 (1821 turns).

Peloso the Covered (Minotaur Fighter)               Turns: 1821, Time: 00:03:37

Health: -2/47      AC: 13    Str: 20    XL:     5   Next: 97%
Magic:  4/4        EV:  8    Int:  5    God:
Gold:   160        SH:  5    Dex: 12    Spells: 4/4 levels left

rFire   . . .        a - +0 long sword
rCold   . . .        c - +0 buckler
rNeg    . . .        h - +0 chain mail
rPois   .            (helmet restricted)
rElec   .            (no cloak)
rCorr   .            (no gloves)
SInv    .            (no boots)
Will    .....        (no amulet) Stlth
                     l - +4 ring of protection
HPRegen 0.27/turn    (no ring)
MPRegen 0.09/turn

%: no passive effects
@: no status effects
A: horns 2, retaliatory headbutt
a: no special abilities


You were on level 3 of the Dungeon.
You visited 1 branch of the dungeon, and saw 3 of its levels.

You collected 160 gold pieces.

Inventory:

Hand Weapons
 a - a +0 long sword (weapon)
 b - the +6 spear "Nuhis" {flame, rF+ rC+ rCorr}
   (You found it on level 2 of the Dungeon)

   rF:        It protects you from fire.
   rC:        It protects you from cold.
   rCorr:     It protects you from acid and corrosion.
Armour
 c - a +0 buckler (worn)
 f - a +0 scale mail
 h - a +0 chain mail (worn)
Jewellery
 l - a +4 ring of protection (left hand)
Scrolls
 e - a scroll of silence {unknown}
 g - a scroll of brand weapon
 i - a scroll of enchant armour
 k - a scroll of fear {unknown}
Potions
 d - a potion of might
 j - a potion of cancellation {unknown}


   Skills:
 + Level 4.5 Fighting
 + Level 4.9 Long Blades
 + Level 5.3 Armour
 + Level 1.5 Dodging
 + Level 4.2 Shields


You had 4 spell levels left.
You didn't know any spells.
Your spell library contained the following spells:

 Spells                   Type           Power      Damage    Failure   Level
 Necrotise                Necr           0%         1d4       99%         1
 Summon Small Mammal      Summ           0%         N/A       99%         1
 Call Canine Familiar     Summ           0%         N/A       100%        3
 Summon Guardian Golem    Hex/Summ       0%         N/A       100%        3
 Vampiric Draining        Necr           0%         2d6       100%        3
 Agony                    Necr           0%         N/A       100%        5


Dungeon Overview and Level Annotations

Branches:
Dungeon (3/15)

Altars:


Innate Abilities, Weirdness & Mutations

You have a pair of horns on your head.
You reflexively headbutt those who attack you in melee.


Message History

An orc is nearby!
An orc is nearby!
An orc priest comes into view.
It is wielding a +0 flail. 2 orcs and a rat come into view.
Found 12 gold pieces.
The orc shouts!
The orc priest shouts!
The orc priest mumbles some strange prayers to Beogh against you.
Beogh smites you!
The orc moves out of view.
The orc hits you but does no damage.
You completely miss the orc. The orc hits you with a +0 flail!
The orc barely misses you.
You hit the orc but do no damage. You headbutt the orc.
The orc is severely wounded.
The orc hits you but does no damage. x2
You barely miss the orc.
The orc is severely wounded.
The orc closely misses you. You block the orc's attack.
The orc priest looks encouraged for a moment.
You hit the orc.
The orc is almost dead.
You block the orc's attack. The orc hits you with a +0 mace.
The rat bites you but does no damage.
You hit the orc.
You kill the orc!
The rat barely misses you. The orc hits you with a +0 flail. x2
You block the rat's attack. The orc priest barely misses you.
You furiously retaliate!
You headbutt the orc priest. You hit the orc priest.
The orc priest is heavily wounded.
You block the orc's attack.
The orc priest invokes the aid of Beogh against you.
Pain shoots through your body!
* * * LOW HITPOINT WARNING * * *
You block the rat's attack.
You barely miss the orc priest.
The orc priest is moderately wounded.
You block the rat's attack. The orc hits you with a +0 flail!
* * * LOW HITPOINT WARNING * * *
The orc priest hits you with a +0 flail!
You die...

#######.### ###+######
#[### #........ #....
#....... #######.###
#...... #..........
..... #.#......## .o.
..+........ #o#
#.#.......# #..####@###
#.#.......#
.$....or..####.#.......#
.............#..........
........................
#............#.........#
#..###....##.#.#######.#
#.. #.##.##.#.# .# #. #.
.....#.# ...........


You could see an orc priest, 2 orcs and a rat.

Vanquished Creatures
  Sigmund (D:2)
  Terence (D:2)
  2 adders (D:2)
  2 worms
  An orc (D:3)
  6 ball pythons
  3 bats
  2 endoplasms
  A giant cockroach (D:2)
  4 goblins (D:1)
  7 hobgoblins
  4 kobolds
  3 quokkas (D:1)
  2 frilled lizards (D:2)
  5 rats
44 creatures vanquished.

Notes
Turn   | Place    | Note
-------+----------+-------------------------------------------
     0 | D:1      | Peloso the Minotaur Fighter began the quest for the Orb.
     0 | D:1      | Reached XP level 1. HP: 19/19 MP: 0/0
    84 | D:1      | Reached skill level 4 in Armour
   122 | D:1      | Reached XP level 2. HP: 25/27 MP: 1/1
   721 | D:2      | Reached XP level 3. HP: 33/33 MP: 2/2
   838 | D:2      | Identified the +6 spear "Nuhis" {flame, rF+ rC+ rCorr}
   910 | D:2      | Noticed Terence
   926 | D:2      | Killed Terence
   927 | D:2      | Reached XP level 4. HP: 15/40 MP: 3/3
  1065 | D:2      | Noticed Sigmund
  1076 | D:2      | Killed Sigmund
  1077 | D:2      | Reached skill level 5 in Armour
  1077 | D:2      | Reached skill level 1 in Dodging
  1077 | D:2      | Reached XP level 5. HP: 20/47 MP: 4/4
  1821 | D:3      | Slain by an orc priest

Illustrated notes

Levels and vault maps discovered:
D:1:      dpeg_arrival_radiant, layout_basic
D:2:      layout_basic, uniq_terence, uniq_sigmund
D:3:      layout_basic, marbit_many_paths, grunt_ministairs_11

Skill      XL: |  1  2  3  4 |
---------------+-------------+-----
Armour         | 4 5 |  5.3
Fighting       | 4 |  4.5
Long Blades    | 3 4 |  4.9
Shields        | 4 |  4.2
Dodging        | 1 |  1.5

Action                     |  1- 3 |  4- 6 || total
---------------------------+-------+-------++-------
  Melee: Long sword        |    94 |    37 ||   131
         Headbutt          |    14 |     2 ||    16
         Spear             |       |     9 ||     9
    Use: Scroll            |     3 |     2 ||     5
         Potion            |     3 |       ||     3
 Armour: Scale mail        |    50 |       ||    50
         Chain mail        |       |    17 ||    17
  Dodge: Dodged            |    47 |    19 ||    66
  Block: Buckler           |    20 |     7 ||    27
